% Time on Ice - OAKLAND GORILLAS
Lines # - Real PCT - Wanted PCT - Time Play
Normal Forward
1 - 30% - 31% - 15:55
2 - 30% - 31% - 16:09
3 - 25% - 25% - 13:00
4 - 15% - 13% - 7:56
Normal Defense
1 - 39% - 38% - 20:25
2 - 34% - 36% - 18:01
3 - 27% - 26% - 14:25
4 - 0% - 0% - 0:09
PP Forward
1 - 45% - 55% - 0:53
2 - 55% - 45% - 1:06
PP Defense
1 - 55% - 55% - 1:06
2 - 45% - 45% - 0:53
PK Forward
1 - 62% - 55% - 3:08
2 - 38% - 45% - 1:53
PK Defense
1 - 51% - 55% - 2:34
2 - 49% - 45% - 2:27
PK3 Forward
1 - 0% - 55%
2 - 0% - 45%
PK3 Defense
1 - 0% - 55%
2 - 0% - 45%
44 Forward
1 - 0% - 55%
2 - 0% - 45%
44 Defense
1 - 0% - 55%
2 - 0% - 45%
Last Minute Offensive  - 0:00
Last Minute Defensive  - 0:00
Total
Forward - 60:00
Defense - 60:00
% Time on Ice - TEXAS TOROS
Lines # - Real PCT - Wanted PCT - Time Play
Normal Forward
1 - 31% - 36% - 16:31
2 - 29% - 31% - 15:26
3 - 23% - 23% - 12:15
4 - 17% - 10% - 8:48
Normal Defense
1 - 36% - 36% - 19:01
2 - 34% - 31% - 17:46
3 - 25% - 23% - 13:16
4 - 6% - 10% - 2:57
PP Forward
1 - 55% - 55% - 2:46
2 - 45% - 45% - 2:15
PP Defense
1 - 60% - 55% - 3:01
2 - 40% - 45% - 2:00
PK Forward
1 - 57% - 55% - 1:08
2 - 43% - 45% - 0:51
PK Defense
1 - 57% - 55% - 1:08
2 - 43% - 45% - 0:51
PK3 Forward
1 - 0% - 55%
2 - 0% - 45%
PK3 Defense
1 - 0% - 55%
2 - 0% - 45%
44 Forward
1 - 0% - 55%
2 - 0% - 45%
44 Defense
1 - 0% - 55%
2 - 0% - 45%
Last Minute Offensive  - 0:00
Last Minute Defensive  - 0:00
Total
Forward - 60:00
Defense - 60:00
Play-by-Play 1st period 0:01 of 1st period - Trevor Zegras wins face-off versus Aleksander Barkov in neutral zone. 0:35 of 1st period - Aleksander Barkov is hit by Danton Heinen and loses puck. 1:06 of 1st period - Logan Couture is hit by Owen Power and loses puck. 1:40 of 1st period - Shot by Logan Couture. 1:40 of 1st period - Stopped by Philipp Grubauer without a rebound. 1:41 of 1st period - Jonathan Toews wins face-off versus Colton Sissons in TEXAS TOROS zone. 1:46 of 1st period - Shot by Tyson Barrie. 1:46 of 1st period - Stopped by Thomas Greiss with a rebound. 2:10 of 1st period - Shot by Jonathan Toews. 2:10 of 1st period - Stopped by Thomas Greiss without a rebound. 2:11 of 1st period - Ryan Poehling wins face-off versus Jack McBain in OAKLAND GORILLAS zone. 2:19 of 1st period - Icing by Mikhail Sergachev. 2:20 of 1st period - Jack McBain wins face-off versus Ryan Poehling in TEXAS TOROS zone. 2:33 of 1st period - Shot by Jordan Martinook. 2:33 of 1st period - Stopped by Philipp Grubauer without a rebound. 2:34 of 1st period - Colton Sissons wins face-off versus Kevin Hayes in TEXAS TOROS zone. 2:44 of 1st period - Taylor Raddysh is hit by Martin Fehervary and loses puck. 3:29 of 1st period - Martin Fehervary is hit by Wade Allison and loses puck. 4:26 of 1st period - Icing by Nate Schmidt. 4:27 of 1st period - Aleksander Barkov wins face-off versus Jonathan Toews in TEXAS TOROS zone. 5:50 of 1st period - Owen Power is hit by Jack McBain and loses puck. 6:02 of 1st period - Minor Penalty to Cameron York for Tripping. 6:03 of 1st period - Aleksander Barkov wins face-off versus Kevin Hayes in OAKLAND GORILLAS zone. 6:26 of 1st period - Shot by Kevin Hayes. 6:26 of 1st period - Shot Misses the Net. 6:28 of 1st period - Shot by Jonathan Toews. 6:28 of 1st period - Shot Misses the Net. 7:00 of 1st period - Shot by Trevor Zegras. 7:00 of 1st period - Shot Misses the Net. 7:02 of 1st period - Shot by Ryan Suter. 7:02 of 1st period - Stopped by Thomas Greiss without a rebound. 7:03 of 1st period - Logan Couture wins face-off versus Kevin Hayes in OAKLAND GORILLAS zone. 7:11 of 1st period - Off-side. 7:12 of 1st period - Logan Couture wins face-off versus Troy Terry in neutral zone. 8:01 of 1st period - Shot by Tyson Barrie. 8:01 of 1st period - Stopped by Thomas Greiss with a rebound. 8:03 of 1st period - Shot by Jesse Ylonen. 8:03 of 1st period - Deflect By Tyson Foerster. 8:03 of 1st period - Stopped by Thomas Greiss without a rebound. 8:04 of 1st period - Logan Couture wins face-off versus Kevin Hayes in OAKLAND GORILLAS zone. 8:09 of 1st period - Taylor Raddysh is hit by Ryan Hartman and loses puck. 8:15 of 1st period - Off-side. 8:16 of 1st period - Jack McBain wins face-off versus Ryan Poehling in neutral zone. 8:34 of 1st period - Shot by Jack McBain. 8:34 of 1st period - Stopped by Philipp Grubauer without a rebound. 8:35 of 1st period - Logan Couture wins face-off versus Kevin Hayes in TEXAS TOROS zone. 8:40 of 1st period - Shot by Ryan Hartman. 8:40 of 1st period - Shot Misses the Net. 8:42 of 1st period - Shot by Max Domi. 8:42 of 1st period - Deflect By Logan Couture. 8:42 of 1st period - Shot Misses the Net. 8:44 of 1st period - Shot by Jonas Siegenthaler. 8:44 of 1st period - Shot Misses the Net. 8:46 of 1st period - Shot by Ryan Hartman. 8:46 of 1st period - Stopped by Philipp Grubauer without a rebound. 8:47 of 1st period - Ryan Poehling wins face-off versus Aleksander Barkov in TEXAS TOROS zone. 9:01 of 1st period - Jared Spurgeon is hit by Tyson Foerster and loses puck. 9:17 of 1st period - Shot by Hampus Lindholm. 9:17 of 1st period - Shot Misses the Net. 9:19 of 1st period - Shot by Aleksander Barkov. 9:19 of 1st period - Shot Misses the Net. 9:23 of 1st period - Shot by Brock Boeser. 9:23 of 1st period - Stopped by Philipp Grubauer without a rebound. 9:24 of 1st period - Kevin Hayes wins face-off versus Ryan Hartman in TEXAS TOROS zone. 9:54 of 1st period - Shot by Taylor Raddysh. 9:54 of 1st period - Deflect By Kevin Hayes. 9:54 of 1st period - Shot Blocked by Trevor van Riemsdyk. 10:04 of 1st period - Shot by Kevin Hayes. 10:04 of 1st period - Stopped by Thomas Greiss without a rebound. 10:05 of 1st period - Colton Sissons wins face-off versus Trevor Zegras in OAKLAND GORILLAS zone. 10:05 of 1st period - Colton Sissons is hit by Trevor Zegras. 10:38 of 1st period - Icing by Jared Spurgeon. 10:39 of 1st period - Jonathan Toews wins face-off versus Colton Sissons in OAKLAND GORILLAS zone. 10:52 of 1st period - Shot by Hampus Lindholm. 10:52 of 1st period - Shot Hit the Post. 10:54 of 1st period - Shot by Jared Spurgeon. 10:54 of 1st period - Shot Misses the Net. 12:21 of 1st period - Shot by Ryan Hartman. 12:21 of 1st period - Goal by Ryan Hartman - OAKLAND GORILLAS : 1 - TEXAS TOROS : 0. 12:22 of 1st period - Trevor Zegras wins face-off versus Jack McBain in neutral zone. 12:31 of 1st period - Shot by Mikhail Sergachev. 12:31 of 1st period - Stopped by Thomas Greiss without a rebound. 12:32 of 1st period - Kevin Hayes wins face-off versus Max Domi in OAKLAND GORILLAS zone. 13:01 of 1st period - Shot by Taylor Raddysh. 13:01 of 1st period - Stopped by Thomas Greiss with a rebound. 13:49 of 1st period - Shot by Trevor Zegras. 13:49 of 1st period - Stopped by Thomas Greiss without a rebound. 13:50 of 1st period - Colton Sissons wins face-off versus Tyson Foerster in OAKLAND GORILLAS zone. 14:23 of 1st period - Shot by Ryan Poehling. 14:23 of 1st period - Stopped by Thomas Greiss with a rebound. 14:28 of 1st period - Icing by David Kampf. 14:29 of 1st period - Trevor Zegras wins face-off versus Colton Sissons in OAKLAND GORILLAS zone. 14:48 of 1st period - Shot by Trevor Zegras. 14:48 of 1st period - Shot Blocked by Martin Fehervary. 14:50 of 1st period - Shot by Trevor Zegras. 14:50 of 1st period - Stopped by Thomas Greiss with a rebound. 14:52 of 1st period - Shot by Mikhail Sergachev. 14:52 of 1st period - Stopped by Thomas Greiss with a rebound. 15:32 of 1st period - Shot by Miles Wood. 15:32 of 1st period - Stopped by Thomas Greiss without a rebound. 15:33 of 1st period - Logan Couture wins face-off versus Jonathan Toews in OAKLAND GORILLAS zone. 15:43 of 1st period - Icing by Wade Allison. 15:44 of 1st period - Jonathan Toews wins face-off versus Jack McBain in TEXAS TOROS zone. 15:48 of 1st period - Off-side. 15:49 of 1st period - Aleksander Barkov wins face-off versus Kevin Hayes in neutral zone. 15:51 of 1st period - Patrik Laine is hit by Owen Power. 15:57 of 1st period - Shot by Brock Boeser. 15:57 of 1st period - Shot Blocked by Ryan Suter. 15:59 of 1st period - Shot by Jonas Siegenthaler. 15:59 of 1st period - Shot Blocked by Ryan Suter. 16:01 of 1st period - Shot by Patrik Laine. 16:01 of 1st period - Shot Misses the Net. 16:11 of 1st period - Icing by Owen Power. 16:12 of 1st period - Logan Couture wins face-off versus Kevin Hayes in TEXAS TOROS zone. 16:35 of 1st period - Shot by Taylor Raddysh. 16:35 of 1st period - Shot Misses the Net. 16:41 of 1st period - Shot by Taylor Raddysh. 16:41 of 1st period - Stopped by Thomas Greiss with a rebound. 16:56 of 1st period - Off-side. 16:57 of 1st period - Aleksander Barkov wins face-off versus Troy Terry in neutral zone. 16:57 of 1st period - Aleksander Barkov is hit by Danton Heinen. 17:16 of 1st period - Aleksander Barkov is hit by Mikhail Sergachev and loses puck. 17:39 of 1st period - Shot by Trevor Zegras. 17:39 of 1st period - Stopped by Thomas Greiss with a rebound. 19:07 of 1st period - Shot by Tomas Tatar. 19:07